 Seeded DCSS version 0.30.1-4-g462c640d31 (webtiles) character file.

Game seed: 920673320228942481 (custom seed)

8 Psyclone the Stinger (level 2, 17/17 HPs)
             Began as an Octopode Venom Mage on Sept 19, 2023.
             Quit the game on level 1 of the Dungeon.
             The game lasted 00:01:48 (1138 turns).

Psyclone the Stinger (Octopode Venom Mage)          Turns: 1138, Time: 00:01:49

Health: 17/17      AC:  1    Str:  7    XL:     2   Next: 8%
Magic:  5/5        EV: 13    Int: 17    God:
Gold:   47         SH:  0    Dex: 12    Spells: 4/5 levels left

rFire   . . .        (no weapon)
rCold   . . .        (no shield)
rNeg    . . .        (helmet restricted)
rPois   .            (no amulet)
rElec   .            e - ring of wizardry
rCorr   .            (no ring)
SInv    .            (no ring)
Will    .....        (no ring)
Stlth   +++          (no ring)
HPRegen 0.22/turn    (no ring)
MPRegen 0.09/turn    (no ring)
                     (no ring)

%: wizardry (x1)
@: no status effects
A: almost no armour, amphibious, 8 rings, camouflage 1, gelatinous body 1,
(nimble swimmer 1), tentacles
a: no special abilities


You were on level 1 of the Dungeon.
You visited 1 branch of the dungeon, and saw 1 of its levels.

You collected 47 gold pieces.

Inventory:

Jewellery
 e - a ring of wizardry (left tentacle)
Scrolls
 f - a scroll of acquirement
 g - a scroll of teleportation {unknown}
 h - a scroll of amnesia {unknown}
 i - a scroll of fog {unknown}
Potions
 a - a potion of magic
 b - a potion of cancellation {unknown}
 c - a potion of mutation {unknown}
 d - a potion of resistance {unknown}


   Skills:
 - Level 2.0 Dodging
 - Level 2.6 Stealth
 - Level 2.0 Spellcasting
 - Level 1.0 Transmutations
 + Level 4.3 Poison Magic


You had 4 spell levels left.
You knew the following spells:

 Your Spells              Type           Power      Damage    Failure   Level
a - Sting                 Tmut/Pois      40%        1d5       2%          1

Your spell library contained the following spells:

 Spells                   Type           Power      Damage    Failure   Level
 Poisonous Vapours        Pois/Air       18%        N/A       4%          2
 Mephitic Cloud           Conj/Pois/Air  6%         N/A       13%         3
 Olgreb's Toxic Radiance  Pois           16%        N/A       13%         4


Dungeon Overview and Level Annotations

Branches:
Dungeon (1/15) Zot: 4862

Altars:


Innate Abilities, Weirdness & Mutations

You cannot wear most types of armour.
You are amphibious.
You can wear up to eight rings at the same time.
Your skin changes colour to match your surroundings (Stealth+).
Your rubbery body absorbs attacks. (AC +1, EV +1)
((You are camouflaged when in or above water. (Stealth+)))
You have tentacles for arms and can constrict up to eight enemies at once.


Message History

Press: ? - help, Shift-Dir - straight line, f - goblin
Aim: a goblin, wielding a +0 club (64% to hit)
The sting hits the goblin.
The goblin is poisoned.
You kill the goblin!
You have reached level 2!
You regained 5 hp, and now have 15/17 hp.
Casting: Sting (safe; 2% risk of failure)
Confirm with . or Enter, or press ? or * to list all spells.
You can't see any susceptible monsters within range! (Use Z to cast anyway.) Unknown command.
You see here a +0 club.
g - a scroll labelled DYFUHAUFRU Health restored: 17; MP restored: 5
Okay, then.
A rat comes into view.
A rat is nearby!
Found 11 gold pieces.
Casting: Sting (safe; 2% risk of failure)
Confirm with . or Enter, or press ? or * to list all spells.
Aiming: Sting (safe; 2% risk of failure)
Press: ? - help, Shift-Dir - straight line, f - rat
Aim: a rat (asleep, 100% to hit)
The sting hits the rat.
The rat is poisoned.
The rat is heavily wounded.
You kill the rat!
You now have 4/5 mp.
You now have 47 gold pieces (gained 11).
You see here a +0 robe.
h - a scroll labelled ZYEMITRUNA MP restored: 5
There is an open door here.
There is a large open door here.
There is a large open door here.
There is an open door here.
There is an open door here.
There is an open door here.
i - a scroll labelled YHOGOIFIEB This is a scroll of acquirement!
Something appears before you! Something appears before you!
Are you sure you want to abandon this character and quit the game? (Confirm with "yes".)

# ##########
.........#
########.##########
.......†........@.#
.#######.#######.##
.# #.# #.# .# #.#
#.# .#######.# #.#
.....#...# #.#
.###.##.## #.#
####.##.# #.#
..##.##.# #.#


There were no monsters in sight!

Vanquished Creatures
  A dart slug (D:1)
  A goblin (D:1)
  3 ball pythons (D:1)
  A bat (D:1)
  A rat (D:1)
7 creatures vanquished.

Notes
Turn   | Place    | Note
-------+----------+-------------------------------------------
     0 | D:1      | Psyclone the Octopode Venom Mage began the quest for the
                  | Orb.
     0 | D:1      | Reached XP level 1. HP: 11/11 MP: 3/3
   459 | D:1      | Reached skill level 4 in Poison Magic
   840 | D:1      | Reached XP level 2. HP: 15/17 MP: 3/5
  1136 | D:1      | Identified 3 scrolls of acquirement
  1136 | D:1      | Acquired 795 gold pieces
  1137 | D:1      | Acquired the ring "Qaiti" {rF+ rC- rN++ rCorr Stlth+}
  1138 | D:1      | Quit the game

Illustrated notes

Levels and vault maps discovered:
D:1:      dpeg_arrival_orchard, layout_basic

Skill      XL: |  1 |
---------------+----+-----
Poison Magic   | 4 |  4.3
Dodging        | |  2.0
Stealth        | |  2.6
Spellcasting   | |  2.0
Transmutations | |  1.0

Action                     || total
---------------------------++-------
  Melee: Unarmed           ||     8
         Constrict         ||     3
         Tentacles         ||     2
         Punch             ||     1
   Cast: Sting             ||     5
    Use: Scroll            ||     2
  Dodge: Dodged            ||    11
